Map: Zen LE

Players

JohnnyV

  • Race: Terran Terran
  • League: Bronze
  • Spawn Location: 1:00

filatelia - Winner!

  • Race: Terran Terran
  • League: Silver
  • Spawn Location: 7:00

VOD

Have the link to the VOD?

Description

Time

  • Played on: April 30, 2020, 9:50 a.m.
  • Length: 15:06
Show
View Real Time Build Order
Export as new Build Order

JohnnyV Terran 

Build Orders: Liberator Opening 

Get SALT Encoding   

  12  0:01  SCV  
  13  0:16  Supply Depot  
  13  0:17  SCV  
  14  0:29  SCV  
  15  0:39  Barracks  
  15  0:41  SCV  
  16  0:47  Refinery  
  16  0:53  SCV  
  17  1:05  SCV  
  18  1:18  SCV  
  19  1:30  SCV, Supply Depot  
  19  1:31  Reaper  
  21  1:45  Orbital Command  
  21  1:49  Refinery  
  21  2:07  Marine  
  22  2:09  Factory  
  22  2:25  Marine  
  22  2:28  SCV  
  24  2:34  Supply Depot  
  24  2:41  SCV  
  25  2:50  Marine  
  25  2:54  Widow Mine  
  27  2:59  Starport  
  27  3:06  Armory  
  27  3:08  SCV, Marine  
  31  3:27  Widow Mine  
  31  3:29  Barracks Tech Lab  
  31  3:32  SCV  
  32  3:38  Liberator  
  35  3:58  Factory Reactor  
  35  3:59  Marine  
  35  4:00  Combat Shield  
  36  4:07  SCV  
  37  4:40  Marine  
  37  4:42  Factory Tech Lab  
  38  4:58  Marine  
  39  5:15  Fusion Core  
  39  5:25  Widow Mine x2  
  39  5:26  Supply Depot  
  40  5:32  Marine  
  41  5:59  Medivac  
  41  6:03  Widow Mine x2  
  47  6:04  Weapon Refit  
  47  6:10  Terran Ship Weapons Level 1  
  48  6:20  Marauder  
  49  6:55  Battlecruiser  
  55  7:07  Supply Depot  
  55  7:09  Supply Depot  
  55  7:19  Marine x2  
  47  7:27  Cyclone  
  50  7:41  Marine x2  
  52  7:57  Command Center  
  52  7:59  Barracks  
  52  8:01  Barracks  
  52  8:03  Cyclone, Barracks  
  48  8:30  Battlecruiser  
  48  8:31  Marine x2  
  56  8:54  Widow Mine  
  58  9:17  Barracks Reactor x2  
  58  9:23  Barracks Tech Lab  
  58  9:30  Orbital Command  
  58  9:34  Marine x2  
  60  9:52  Marine x2  
  56  10:02  Marine x3  
  56  10:03  Marine x2  
  61  10:10  Marine x2  
  61  10:11  Engineering Bay  
  61  10:13  Engineering Bay  
  63  10:20  Marine  
  66  10:21  Concussive Shells, Marauder  
  66  10:23  Refinery  
  66  10:25  Refinery  
  66  10:30  Terran Vehicle And Ship Armor Level 1  
  66  10:41  Marine x2  
  66  10:42  Marine  
  71  10:43  Marauder  
  71  11:00  Sensor Tower  
  71  11:02  Marine x4  
  71  11:04  Stimpack, Marauder, Marine  
  78  11:13  Supply Depot  
  78  11:14  Marine  
  78  11:15  Cyclone  
  78  11:17  Supply Depot  
  84  11:19  Marine  
  85  11:25  Marauder  
  85  11:35  SCV x2, Battlecruiser  
  93  11:40  Supply Depot  
  93  11:47  SCV x2, Marauder  
  96  11:52  Marine  
  96  11:53  Marine x2  
  100  11:59  SCV  
  101  12:03  Supply Depot  
  101  12:04  Terran Infantry Weapons Level 1  
  101  12:08  Marauder  
  103  12:11  Terran Infantry Armor Level 1  
  103  12:21  Thor  
  109  12:23  Terran Ship Weapons Level 2  
  109  12:27  Supply Depot  
  109  12:45  Starport  
  109  12:46  Battlecruiser  
  115  12:59  SCV  
  115  13:00  SCV  
  117  13:08  Marine x3  
  117  13:12  SCV x2  
  103  13:24  SCV  
  65  13:30  Marine  
  65  13:31  Marine x6  
  52  13:48  Marine x2  
  52  13:49  Marine x2  
  42  14:04  Marine x3  
  42  14:06  Marine x3  
  42  14:07  Marine  
  46  14:21  Marine x2  
  46  14:22  Marine  
  49  14:24  Marine x3  
  49  14:26  Marine  
  49  14:29  Starport Tech Lab  
  49  14:30  Starport Reactor  
Show
View Real Time Build Order
Export as new Build Order

filatelia Terran - Winner!

Build Orders:  

Get SALT Encoding   

  12  0:02  SCV  
  13  0:14  SCV  
  13  0:18  Supply Depot  
  14  0:26  SCV  
  15  0:29  Refinery  
  15  0:39  SCV  
  16  0:46  Barracks  
  16  0:51  SCV  
  17  1:03  SCV  
  18  1:15  SCV  
  19  1:28  SCV  
  20  1:34  Reaper  
  21  1:40  SCV  
  22  1:49  Command Center  
  22  1:52  SCV  
  23  1:56  Refinery  
  23  2:04  Supply Depot  
  23  2:25  SCV, Marine  
  24  2:43  Marine  
  24  2:50  SCV  
  25  3:02  SCV  
  26  3:09  Factory  
  26  3:15  Barracks  
  26  3:20  Orbital Command  
  26  3:36  Barracks  
  26  3:38  SCV, Engineering Bay  
  26  3:39  Marine  
  28  3:46  SCV  
  29  3:53  SCV  
  29  3:54  Factory Tech Lab  
  30  4:00  SCV  
  31  4:06  SCV  
  32  4:19  Orbital Command  
  32  4:22  Barracks Tech Lab  
  32  4:24  Barracks Tech Lab  
  32  4:30  Barracks Reactor  
  32  4:31  Starport  
  32  4:37  Missile Turret  
  32  4:40  SCV  
  32  4:42  Marine  
  32  4:43  Cyclone  
  36  4:58  Missile Turret  
  32  5:11  Marine x2  
  32  5:12  Marauder  
  36  5:19  Missile Turret  
  36  5:22  Missile Turret  
  36  5:25  SCV x2  
  38  5:39  Missile Turret  
  38  5:46  SCV  
  38  5:47  SCV  
  38  5:49  Marine x2  
  42  5:51  Marauder  
  42  5:55  Combat Shield, Stimpack  
  44  5:58  Starport Reactor  
  44  6:00  SCV x2  
  44  6:03  Terran Infantry Weapons Level 1  
  46  6:10  Supply Depot  
  46  6:16  Command Center  
  46  6:25  Refinery  
  46  6:31  SCV x2, Cyclone, Marine x2  
  53  6:41  Missile Turret  
  53  6:45  SCV  
  54  6:53  SCV, Medivac x2, Marauder  
  61  6:57  Supply Depot x2  
  61  6:59  SCV  
  62  7:01  Missile Turret  
  62  7:02  Engineering Bay  
  62  7:08  Marine x2  
  62  7:14  Supply Depot  
  64  7:17  SCV  
  64  7:18  SCV  
  66  7:38  SCV  
  66  7:39  SCV x2  
  66  7:40  Marine x2  
  66  7:42  Viking x2, Marauder  
  77  7:44  Siege Tank  
  80  7:52  Barracks  
  80  7:57  Barracks  
  80  8:04  SCV x2  
  80  8:05  Orbital Command  
  79  8:15  Viking x2  
  69  8:31  SCV x3  
  69  8:32  Marine x2  
  74  8:36  Cyclone  
  74  8:37  Marine  
  78  8:52  Starport  
  78  8:58  Starport  
  78  8:59  SCV x2  
  78  9:00  SCV  
  81  9:04  Barracks Reactor  
  81  9:11  Refinery  
  81  9:22  Orbital Command  
  81  9:31  SCV x2  
  83  9:35  Refinery  
  83  9:36  Barracks Reactor x2  
  83  9:38  Starport Reactor, Refinery  
  83  9:44  Armory  
  83  9:46  Armory  
  83  9:50  Marine x2  
  83  9:51  Viking  
  81  10:01  SCV  
  81  10:02  SCV  
  81  10:03  SCV  
  84  10:12  Missile Turret  
  84  10:14  Missile Turret x2  
  84  10:34  SCV x3  
  88  11:04  SCV x3  
  88  11:05  Terran Infantry Weapons Level 2  
  88  11:06  Terran Infantry Armor Level 1  
  90  11:15  Armory  
  90  11:16  Marine x6  
  90  11:18  Marauder x2  
  100  11:19  Thor  
  100  11:21  Viking  
  108  11:28  Terran Ship Weapons Level 1  
  108  11:41  Viking x4  
  108  11:43  Marine x2  
  109  12:44  Viking x2, SCV x2, Marine x2  
  109  12:45  Viking x2, Command Center, Marine x4  
  109  12:50  Supply Depot  
  125  12:53  Supply Depot, Command Center  
  125  13:11  Marine x2  
  125  13:12  Viking x2, SCV  
  132  13:14  Supply Depot  
  132  13:16  Supply Depot  
  108  13:29  Marine  
  100  13:35  Viking x4  
  108  13:41  Viking  
  108  13:47  Marine x2  
  108  13:48  Marine x6  
  107  13:50  Viking  
  107  13:54  Thor  
  100  14:05  Viking x2, Marine  
  100  14:06  Marine  
  100  14:07  Marine x6  
  102  14:23  Viking x2, Marine  
  105  14:24  Medivac x2, Marine x3  
  105  14:25  Marine x2  
  105  14:29  SCV x3  
  117  14:35  Medivac  
  118  14:41  SCV  
Tags
 
Matchup
TvT
Race
Terran
Spawn Locations
Cross Positions
Add a new tag
Caveats
  • Supply blocks, unpowered buildings, or Contaminate may cause inaccurate times.
  • Supply counts are checked every 10 seconds.